 Dungeon Crawl Stone Soup version 0.22-a0-93-g6b88ebb (webtiles) character file.

37 mortelune the Chiller (level 3, 0/24 HPs)
             Began as a Barachi Ice Elementalist on Jan 24, 2018.
             Slain by a ball python (1 damage)
             ... on level 2 of the Dungeon.
             The game lasted 00:03:14 (1558 turns).

mortelune the Chiller (Barachi Ice Elementalist)    Turns: 1558, Time: 00:03:15

Health: 0/24       AC:  2    Str:  9    XL:     3   Next: 41%
Magic:  7/7        EV:  9    Int: 16    God:
Gold:   61         SH:  0    Dex: 12    Spells: 1/7 levels left

rFire    . . .     SeeInvis +   (no weapon)
rCold    . . .     Gourm    .   (no shield)
rNeg     . . .     Faith    .   i - +0 robe
rPois    .         Spirit   .   (no helmet)
rElec    .         Reflect  .   (no cloak)
rCorr    .         Harm     .   (no gloves)
MR       +....                  (no boots)
Stlth    +++.......             (no amulet)
HPRegen  0.08/turn              e - ring of see invisible
MPRegen  0.10/turn              (no ring)

@: lethally poisoned (0 -> -10), constricted, slow
A: +LOS, swims, camouflage 1, magic resistance 1, slowness 1, strong legs 1
a: Hop


You were on level 2 of the Dungeon.
You were not hungry.

You visited 1 branch of the dungeon, and saw 2 of its levels.

You collected 61 gold pieces.

Inventory:

Hand Weapons
 l - a +0 dagger
Armour
 a - a +0 robe
 i - a +0 robe (worn)
 j - a +0 leather armour
Jewellery
 e - a ring of see invisible (left hand)
Scrolls
 d - 4 scrolls of identify {unknown}
 f - 2 scrolls of remove curse {unknown}
 m - a scroll of blinking {unknown}
 p - a scroll of teleportation {unknown}
Potions
 g - a potion of curing {unknown}
 k - a potion of might {unknown}
 n - a potion of magic
Books
 b - a book of Frost

   Spells                             Type                      Level
   a - Freeze                         Ice                          1
   b - Throw Frost                    Conjuration/Ice              2
   c - Ozocubu's Armour               Charms/Ice                   3
   d - Throw Icicle                   Conjuration/Ice              4
   e - Summon Ice Beast               Ice/Summoning                4
Comestibles
 c - a ration
 o - 2 chunks of flesh


   Skills:
 - Level 2.1 Dodging
 - Level 1.7 Stealth
 + Level 2.9 Spellcasting
 * Level 2.1 Conjurations
 + Level 4.2 Ice Magic


You had one spell level left.
You knew the following spells:

 Your Spells              Type           Power        Failure   Level  Hunger
a - Freeze                Ice            ###.         3%          1    #......
b - Throw Frost           Conj/Ice       ##....       8%          2    ##.....
z - Ozocubu's Armour      Chrm/Ice       #.......     24%         3    ###....


Dungeon Overview and Level Annotations

Branches:
Dungeon (2/15)

Altars:


Innate Abilities, Weirdness & Mutations

Shadows flee at your approach. (+LOS)
You can swim through water.
You cover ground slowly.
You can hop short distances.
Your skin changes colour to match your surroundings (Stealth+).
You are resistant to hostile enchantments. (MR+)


Message History

You kill the adder!
Your Conjurations skill increases to level 2!
* * * LOW HITPOINT WARNING * * *
You feel sick. The ball python bites you.
* * * LOW HITPOINT WARNING * * *
It was a potion of magic.
Magic courses through your body.
* * * LOW HITPOINT WARNING * * *
You feel sick.
The ball python is no longer moving slowly.
The ball python loses its grip on you. The ball python bites you.
* * * LOW HITPOINT WARNING * * *
The ball python grabs you. The ball python constricts you.
It was a potion of mutation.
You feel extremely strange.
You feel a little pissed off.
You feel a little more calm.
You feel resistant to hostile enchantments.
Your skin functions as natural camouflage.
* * * LOW HITPOINT WARNING * * *
You feel sick. The ball python closely misses you. x2
The ball python barely misses you.
You die...

.#.##.# #.# ......#
#.# ##.#### #.#
#.##### #.#######
##.....# #####
##.......# .[...#.#
#... ..#######.#
####.#.# ####.###.#
#.####
#.#.####.....SS.#
#....#
#.#........†.@S$#
#.##.##
#.######.###.##.......
#.##... #.# #.# #.#
P...#. #.##### ..# #.#
#.# #...# #.# ### ...
#.# ##P #.# ...
#.#.#########.#
#...##.. .......##.#
## #...##.# #........#
... ........
#.<......#....


You could see 3 ball pythons.

Vanquished Creatures
  An adder (D:2)
  An ooze (D:1)
  A dart slug (D:1)
  A leopard gecko (D:1)
  3 bats
  3 giant cockroaches (D:1)
  3 goblins
  2 hobgoblins (D:1)
  A kobold (D:1)
  3 frilled lizards
  2 rats (D:1)
21 creatures vanquished.

Notes
Turn   | Place    | Note
-------+----------+-------------------------------------------
     0 | D:1      | mortelune the Barachi Ice Elementalist began the quest for the Orb.
     0 | D:1      | Reached XP level 1. HP: 13/13 MP: 3/3
   265 | D:1      | Reached skill level 4 in Ice Magic
   265 | D:1      | Reached XP level 2. HP: 19/19 MP: 1/5
   269 | D:1      | Learned a level 2 spell: Throw Frost
  1177 | D:1      | Reached XP level 3. HP: 22/24 MP: 0/7
  1402 | D:2      | Learned a level 3 spell: Ozocubu's Armour
  1558 | D:2      | Gained mutation: You tend to lose your temper in combat. [potion of mutation]
  1558 | D:2      | Lost mutation: You tend to lose your temper in combat. [potion of mutation]
  1558 | D:2      | Gained mutation: You are resistant to hostile enchantments. (MR+) [potion of mutation]
  1558 | D:2      | Gained mutation: Your skin changes colour to match your surroundings (Stealth+). [potion of mutation]
  1558 | D:2      | HP: 1/24 [poisoned by an adder]
  1558 | D:2      | Slain by a ball python

Vault maps used:
D:1:      grunt_arrival_crossed_arrows
D:2:      nicolae_overflow_hidden_temple, minmay_shallow_snake_nest

Skill      XL: |  1  2  3 |
---------------+----------+-----
Ice Magic      | 4 |  4.2
Conjurations   | 2 |  2.1
Dodging        | |  2.1
Stealth        | |  1.7
Spellcasting   | |  2.9

Action                   || total
-------------------------++-------
Melee: Unarmed           ||    17
 Cast: Freeze            ||    32
       Throw Frost       ||     8
  Use: Potion            ||     2
  Eat: Chunk             ||     3
Armor: Robe              ||     6
Dodge: Dodged            ||    36

Table legend:
 A = Spawn XP
 B = Non-spawn XP
 C = Spawn XP percentage of total XP
 D = Spawn monster count
 E = Non-spawn monster count
 F = Spawn count percentage of total count
 G = Total turns spent on level
                    A         B        C        D         E        F      G
               +---------+---------+-------+---------+---------+-------+---------
         Total |       0 |      54 |   0.0 |       0 |      21 |   0.0 |  1558
               +---------+---------+-------+---------+---------+-------+---------
           D:1 |       0 |      36 |   0.0 |       0 |      16 |   0.0 |  1340
           D:2 |       0 |      18 |   0.0 |       0 |       5 |   0.0 |   218
               +---------+---------+-------+---------+---------+-------+---------
